 Dungeon Crawl Stone Soup version 0.31.0-32-g396128a36d (webtiles) character file.

Game seed: 5344242003523019107

129766 BlackCrag the Bludgeoner (level 16, -5/151 HPs)
             Began as a Minotaur Fighter on Apr 1, 2024.
             Was the Champion of the Shining One.
             Splashed by a goliath frog's acid (7 damage)
             ... on level 3 of the Swamp on Apr 3, 2024.
             The game lasted 02:04:54 (20941 turns).

BlackCrag the Bludgeoner (Minotaur Fighter)        Turns: 20941, Time: 02:04:55

Health: -5/151     AC: 27    Str: 41    XL:     16   Next: 51%
Magic:  21/21      EV: 10    Int: 14    God:    the Shining One [******]
Gold:   2149       SH: 14    Dex: 13    Spells: 15/15 levels left

rFire   + + .        Z - +10 morningstar "Eos" {elec, Halo rElec}
rCold   + . .        E - +3 kite shield {rC+}
rNeg    + + +        B - +8 plate armour of a Billion Prophets {Rampage rC+ Regen+}
rPois   +            (helmet restricted)
rElec   +            S - +2 cloak "Wausholo" {Dex+4}
rCorr   .            e - +0 pair of gloves of Cowardice {rF+ rN+ Int+4}
SInv    .            v - +1 pair of boots of Lohenwath {rN+ Str+3}
Will    +++++        j - amulet of faith Stlth
                     c - ring "Nygok" {rPois Will+ Str+2}
HPRegen 1.25/turn    h - ring "Xiuntenn" {rF+ rC- Will+++ Str+6 Int+5}
MPRegen 0.17/turn

%: rampage, faith
@: corroded, glowing, studying Polearms
A: horns 2, retaliatory headbutt
a: Renounce Religion, Divine Shield, Cleansing Flame, Summon Divine Warrior,
Brand Weapon With Holy Wrath


You were on level 3 of the Swamp.
You worshipped the Shining One.
The Shining One was exalted by your worship.
You visited 5 branches of the dungeon, and saw 26 of its levels.
You also visited: Bailey, Gauntlet and Volcano.

You collected 4719 gold pieces.
You spent 2570 gold pieces at shops.

Inventory:

Hand Weapons
 y - a +4 great mace of flaming
 O - the +10 arbalest of Nuff {antimagic, rPois Dex+3 SInv}
   (You found it on level 11 of the Dungeon)

   Dex+3:     It affects your dexterity (+3).
   rPois:     It protects you from poison SInv: It lets you see invisible.
 R - the +4 war axe of the Spider Nest {holy, Str+3 Dex+5}
   (You found it on level 1 of the Lair of Beasts)

   Str+3:     It affects your strength (+3).
   Dex+5:     It affects your dexterity (+5).
 Z - the +10 morningstar "Eos" (weapon) {elec, Halo rElec}
   (You found it in a Gauntlet)

   Halo:      It grants its wielder a halo, revealing invisible creatures and
   increasing accuracy against all within it other than the wielder.
   rElec:     It insulates you from electricity.
Missiles
 o - 14 curare-tipped darts
 w - 24 poisoned darts
 N - 15 boomerangs (quivered)
 T - 6 javelins
Armour
 e - the +0 pair of gloves of Cowardice (worn) {rF+ rN+ Int+4}
   (You acquired it on level 10 of the Dungeon)

   Int+4:     It affects your intelligence (+4).
   rF+:       It protects you from fire.
   rN+:       It protects you from negative energy.
 v - the +1 pair of boots of Lohenwath (worn) {rN+ Str+3}
   (You found it on level 5 of the Dungeon)

   Str+3:     It affects your strength (+3).
   rN+:       It protects you from negative energy.
 B - the +8 plate armour of a Billion Prophets (worn) {Rampage rC+ Regen+}
   (You took it off an orc warrior on level 10 of the Dungeon)

   rC+:       It protects you from cold.
   Regen+:    It increases your rate of health regeneration.
   Rampage:   It bestows one free step when moving towards enemies.
 E - a +3 kite shield of cold resistance (worn)
 I - the +2 cloak of Suagat {rC+}
   (You found it on level 10 of the Dungeon)

   rC+:       It protects you from cold.
 S - the +2 cloak "Wausholo" (worn) {Dex+4}
   (You bought it in a shop on level 2 of the Orcish Mines)

   Dex+4:     It affects your dexterity (+4).
 X - a +1 cloak of fire resistance
Jewellery
 c - the ring "Nygok" (left hand) {rPois Will+ Str+2}
   (You bought it in a shop on level 2 of the Orcish Mines)

   [ring of willpower]

   Str+2:     It affects your strength (+2).
   rPois:     It protects you from poison Will+: It increases your willpower.
 g - a ring of resist corrosion
 h - the ring "Xiuntenn" (right hand) {rF+ rC- Will+++ Str+6 Int+5}
   (You bought it in a shop on level 2 of the Orcish Mines)

   [ring of strength]

   Str+6:     It affects your strength (+6).
   Int+5:     It affects your intelligence (+5).
   rF+:       It protects you from fire.
   rC-:       It makes you vulnerable to cold.
   Will+++:   It greatly increases your willpower.
 j - an amulet of faith (around neck)
 M - a +4 ring of slaying
 P - a ring of protection from cold
Wands
 p - a wand of polymorph (44)
 t - a wand of iceblast (21)
 u - a wand of acid (22)
 G - a wand of paralysis (13)
 K - a wand of flame (37)
 L - a wand of mindburst (32)
Scrolls
 b - a scroll of silence
 d - a scroll of enchant weapon
 k - 6 scrolls of fear
 n - 5 scrolls of poison
 q - 3 scrolls of blinking
 r - 5 scrolls of fog
 s - 2 scrolls of identify
 D - 4 scrolls of revelation
 Q - 6 scrolls of teleportation
Potions
 f - 5 potions of mutation
 i - 4 potions of might
 l - 4 potions of enlightenment
 m - 5 potions of curing
 x - 3 potions of resistance
 z - 3 potions of haste
 C - 3 potions of berserk rage
 F - 9 potions of heal wounds
 J - a potion of cancellation
Miscellaneous
 a - a sack of spiders
 W - a phial of floods
 Y - a phantom mirror


   Skills:
 * Level 16.1 Fighting
 + Level 15.2(18.4) Axes
 * Level 17.0(19.3) Maces & Flails
 + Level 8.3 Throwing
 + Level 13.1 Armour
 + Level 3.0 Dodging
 + Level 1.4 Stealth
 + Level 11.3 Shields
 + Level 0.2 Unarmed Combat
 * Level 8.3 Invocations
 * Level 7.3 Evocations


You had 15 spell levels left.
You didn't know any spells.
Your spell library contained the following spells:

 Spells                   Type           Power      Damage    Failure   Level
 Magic Dart               Conj           0%         1d3       83%         1
 Blink                    Tloc           0%         N/A       93%         2
 Call Imp                 Summ           0%         N/A       93%         2
 Cigotuvi's Dreadful Rot  Necr/Alch/Air  0%         N/A       93%         2
 Scorch                   Fire           0%         2d5       93%         2
 Fugue of the Fallen      Necr           0%         N/A       99%         3
 Ozocubu's Armour         Ice            0%         N/A       99%         3
 Tukima's Dance           Hex            0%         N/A       99%         3
 Dimensional Bullseye     Hex/Tloc       0%         N/A       100%        4
 Flame Wave               Conj/Fire      0%         2d4       100%        4
 Ignite Poison            Fire/Alch      0%         N/A       100%        4
 Iskenderun's Mystic Bla  Conj/Tloc      0%         2d3       100%        4
 Manifold Assault         Tloc           0%         N/A       100%        4
 Freezing Cloud           Conj/Ice/Air   0%         6-21      100%        5
 Metabolic Englaciation   Hex/Ice        0%         N/A       100%        5
 Sculpt Simulacrum        Ice/Alch       0%         N/A       100%        6
 Summon Cactus Giant      Summ           0%         N/A       100%        6


Dungeon Overview and Level Annotations

Branches:
Dungeon (15/15)            Temple (1/1) D:4            Lair (5/5) D:11
  Swamp (3/4) Lair:2       Spider (0/4) Lair:3        Slime (0/5) Lair:4
    Orc (2/2) D:10            Elf (0/3) Orc:2        Vaults (0/5) D:13
 Depths (0/4) D:15         Bailey (visited)         Volcano (visited)
Gauntlet (visited)

Altars:
Ashenzari
Cheibriados
Dithmenos
Elyvilon
Fedhas
Gozag
Hepliaklqana
Kikubaaqudgha
Makhleb
Nemelex Xobeh
Okawaru
Qazlal
Ru
Sif Muna
Trog
Uskayaw
Vehumet
Wu Jian
Xom
Yredelemnul
Zin
The Shining One
Jiyva

Shops:
D:4 (*   D:9 **   D:11 ?   D:12 (*   D:14 *   Orc:1 :   Orc:2 (=[**

Annotations:
D:14 exclusion: ice statue


Innate Abilities, Weirdness & Mutations

You have a pair of horns on your head.
You reflexively headbutt those who attack you in melee.


Message History

The swamp worm fires a harpoon shot at you.
The harpoon shot hits you but does no damage.
The spriggan druid mumbles some strange words.
The spriggan druid is healed somewhat.
You hear a roar!
You hear a shout! x2
You hit the spriggan druid but do no damage.
Lightning courses through the spriggan druid!
With its final breath, the spriggan druid offers up its power to the beasts of the wild!
The goliath frog is healed.
The goliath frog seems to grow more fierce. x2
The swamp worm seems to grow more fierce.
The bunyip seems to grow more fierce.
You kill the spriggan druid!
The forest abruptly stops moving.
The +0 spectral quarterstaff disappears.
You block the goliath frog's attack.
The swamp worm fires a harpoon shot at you.
The harpoon shot misses you. You block the goliath frog's attack.
You block the bunyip's attack. The bunyip claws you!! The bunyip claws you!
The swamp worm fires a harpoon shot at you.
You block the harpoon shot. The goliath frog hits you from afar!
You are splashed with acid!
Things that are here:
a +0 spectral quarterstaff; a +0 robe; a bunyip corpse The goliath frog attacks as it pursues you!
The goliath frog hits you from afar!
* * * LOW HITPOINT WARNING * * *
You are splashed with acid.
* * * LOW HITPOINT WARNING * * *
The goliath frog completely misses you. The goliath frog hits you from afar!!
* * * LOW HITPOINT WARNING * * *
You are splashed with acid.
* * * LOW HITPOINT WARNING * * *
There is a stone staircase leading up, spattered with blood here.
You feel much better.
The goliath frog hits you but does no damage.
The goliath frog hits you from afar!!
* * * LOW HITPOINT WARNING * * *
You are splashed with acid!
You die...

.~. ~≈≈≈~≈≈≈
.... . ≈≈≈≈≈≈≈
... ~ ♣≈..≈♣
♣♣.♣~ ♣...~♣♣♣
♣.~.♣♣♣.....~♣♣
♣..§~~(~~>.~~.♣
♣♣$.~F.>~~~.~~~~
♣...†xw~~~~~~~~~
♣♣.?@)F.~~~~~~~~
♣...~~~~~~~~~..
♣♣~~.~~~~~~~~..
♣...~§~~~~~~..
♣....~~~..~♣..
~~....~~..♣(
.~~..~......
♣.~.♣♣♣..####


You could see a bunyip (strong), 2 goliath frogs and a swamp worm (strong).

Vanquished Creatures
  Frances (D:14)
  2 thorn hunters (Swamp:1)
  A fenstrider witch (Swamp:2)
  An ironbound preserver (D:13)
  Louise (D:14)
  An orc warlord (Orc:2)
  4 bunyips
  Azrael (D:15)
  2 dire elephants (Lair:5)
  2 eleionomae
  A minotaur (Gauntlet)
  Snorg (Lair:5)
  The ghost of P0WERM0DE the Fighter, a journeyman HOCK of Cheibriados (D:13)
  Fannar (Lair:1)
  Erolcha (D:11)
  8 hydras
  7 centaur warriors
  A ghost crab (Swamp:2)
  A sphinx zombie (D:15)
  2 catoblepae
  An ogre mage (D:15)
  7 two-headed ogres
  A spark wasp (shapeshifter) (D:13)
  An alligator (Swamp:2)
  6 death yaks
  7 boulder beetles
  7 orc high priests (Orc:2)
  A tengu warrior (D:13)
  The ghost of nitefall the Geomancer, a journeyman GrEE of Vehumet (D:10)
  8 spriggans
  6 skeletal warriors (D:15)
  A storm dragon skeleton (D:15)
  2 skysharks
  A fire crab (Volcano)
  3 goliath frogs
  A flayed ghost (D:15)
  2 swamp dragons (Swamp:1)
  2 spriggan druids
  A spectral anaconda (Lair:5)
  A spark wasp zombie (D:15)
  4 bog bodies
  4 orc knights
  An obsidian statue (Lair:5)
  12 ugly things
  3 cyclopes
  3 deep elf pyromancers
  5 necromancers
  8 orc sorcerers
  A will-o-the-wisp (Swamp:2)
  A dire elephant zombie (Lair:5)
  6 manticores
  3 salamanders (Volcano)
  3 meliai (Gauntlet)
  10 elephants (Lair:5)
  A torpor snail (Lair:5)
  18 cane toads
  A smoke demon (Gauntlet)
  5 black mambas
  3 gargoyles
  2 rime drakes (Lair:5)
  Maggie (D:8)
  2 kobold demonologists (D:13)
  An unseen horror (D:13)
  3 efreet
  9 komodo dragons
  4 tengu conjurers
  An ice devil (Gauntlet)
  4 tyrant leeches
  A polar bear (Lair:4)
  10 hornets
  6 trolls
  2 bloated husks (Swamp:1)
  11 blink frogs
  Prince Ribbit (D:6)
  4 slime creatures (D:15)
  3 shadows
  Sigmund (D:2)
  2 vampires
  A fire bat (Volcano)
  Grum (D:10)
  2 wraiths
  6 basilisks
  Eustachio (D:4)
  3 fire elementals (D:15)
  4 wyverns
  36 yaks
  8 wargs
  A death yak simulacrum (Lair:5)
  A steam dragon (D:7)
  13 vampire mosquitoes
  8 swamp worms
  Edmund (D:6)
  An acid dragon (D:10)
  12 water moccasins
  32 orc warriors
  6 hell hounds
  2 laughing skulls (D:15)
  2 ice beasts
  2 swamp drakes
  A sky beast (D:7)
  6 ogres
  23 wolves
  13 centaurs
  2 phantoms (D:6)
  6 kobold brigands
  17 bullfrogs
  6 scorpions
  2 wights
  An elephant simulacrum (Lair:5)
  10 killer bees
  3 howler monkeys
  An electric eel (Lair:1)
  4 crimson imps (Gauntlet)
  4 jellies
  A bombardier beetle (D:5)
  2 hounds
  17 orc priests
  2 gnoll boudas
  A sleepcap (D:7)
  Jessica (D:2)
  Ijyb (D:4)
  An iguana (D:5)
  14 orc wizards
  8 gnolls
  9 adders
  6 white imps
  2 ufetubi (D:7)
  An adder zombie (D:2)
  A dart slug (D:3)
  A ribbon worm (D:2)
  88 orcs
  2 bats
  6 endoplasms
  A giant cockroach (shapeshifter) (D:15)
  A giant cockroach (D:2)
  10 goblins
  13 hobgoblins
  4 jackals (D:3)
  4 quokkas
  2 ball pythons
  A ball python zombie (D:2)
  4 frilled lizards
  A goblin zombie (D:5)
  3 hobgoblin zombies (D:5)
  A jackal zombie (D:2)
  16 kobolds
  A kobold zombie (D:5)
  2 orc skeletons (D:5)
  An orc zombie (D:5)
  4 rats
735 creatures vanquished.

Vanquished Creatures (others)
  2 bloated husks (Swamp:1)
  A gnoll (D:6)
  A kobold (D:7)
  2 foxfires (Swamp:2)
6 creatures vanquished.

Grand Total: 741 creatures vanquished

Notes
Turn   | Place    | Note
-------+----------+-------------------------------------------
     0 | D:1      | BlackCrag the Minotaur Fighter began the quest for the Orb.
     0 | D:1      | Reached XP level 1. HP: 19/19 MP: 0/0
   298 | D:1      | Found a faded altar of an unknown god.
   328 | D:1      | Reached XP level 2. HP: 27/27 MP: 1/1
   648 | D:2      | Reached skill level 3 in Maces & Flails
   824 | D:2      | Noticed Sigmund
   838 | D:2      | Killed Sigmund
   839 | D:2      | Reached skill level 4 in Maces & Flails
   839 | D:2      | Reached skill level 1 in Throwing
   839 | D:2      | Reached XP level 3. HP: 23/34 MP: 2/2
   839 | D:2      | Reached XP level 4. HP: 27/41 MP: 3/3
   839 | D:2      | Reached XP level 5. HP: 31/47 MP: 4/4
  1175 | D:2      | Noticed Jessica
  1180 | D:2      | Killed Jessica
  1181 | D:2      | Reached skill level 5 in Maces & Flails
  1680 | D:3      | Reached XP level 6. HP: 53/53 MP: 5/5
  1974 | D:4      | Found a staircase to the Ecumenical Temple.
  2001 | Temple   | Entered the Ecumenical Temple
  2065 | D:4      | Noticed Eustachio
  2076 | D:4      | Reached skill level 6 in Maces & Flails
  2113 | D:4      | Killed Eustachio
  2114 | D:4      | Reached skill level 5 in Fighting
  2114 | D:4      | Reached skill level 1 in Dodging
  2114 | D:4      | Reached XP level 7. HP: 37/61 MP: 6/6
  2209 | D:4      | Noticed Ijyb
  2223 | D:4      | Killed Ijyb
  2268 | D:4      | Found Uloobed's Antique Weapon Shop.
  2312 | D:4      | Reached skill level 7 in Maces & Flails
  2366 | D:4      | Found Pifuh's Overcharged Wands.
  2549 | D:5      | Entered Level 5 of the Dungeon
  2568 | D:5      | Identified the +1 pair of boots of Lohenwath {rN+ Str+3}
  2622 | D:5      | Reached skill level 5 in Armour
  3042 | D:5      | Reached skill level 8 in Maces & Flails
  3042 | D:5      | Reached XP level 8. HP: 69/69 MP: 7/7
  3064 | D:5      | Reached skill level 5 in Shields
  3261 | D:5      | Found a glowing golden altar of the Shining One.
  3265 | D:5      | Became a worshipper of the Shining One
  3657 | D:6      | Noticed Edmund
  3670 | D:6      | Killed Edmund
  3891 | D:6      | Reached skill level 9 in Maces & Flails
  3967 | D:6      | Noticed Prince Ribbit
  3973 | D:6      | Killed Prince Ribbit
  3977 | D:6      | Reached * piety under the Shining One
  4090 | D:6      | Found a broken altar of Ashenzari.
  4272 | D:6      | Reached XP level 9. HP: 78/78 MP: 8/8
  4439 | D:7      | Found a flagged portal.
  4459 | Bailey   | Entered a bailey
  4652 | Bailey   | Reached skill level 5 in Throwing
  4820 | Bailey   | Reached skill level 10 in Maces & Flails
  5279 | Bailey   | Noticed an orc knight
  5295 | Bailey   | Killed an orc knight
  5306 | Bailey   | Acquired 781 gold pieces
  5674 | D:7      | Reached skill level 11 in Maces & Flails
  6083 | D:7      | Reached XP level 10. HP: 88/88 MP: 9/9
  6394 | D:8      | Reached ** piety under the Shining One
  6452 | D:8      | Noticed Maggie
  6469 | D:8      | Killed Maggie
  6929 | D:8      | Found a sparkling altar of Nemelex Xobeh.
  7028 | D:9      | Found Vowo's Lightly-Used Armoury.
  7175 | D:9      | Reached skill level 12 in Maces & Flails
  7462 | D:9      | Reached skill level 1 in Invocations
  7806 | D:9      | Found Kaoboseo's Mass Market.
  8018 | D:10     | Entered Level 10 of the Dungeon
  8026 | D:9      | Reached skill level 13 in Maces & Flails
  8287 | D:10     | Reached XP level 11. HP: 92/97 MP: 10/10
  8415 | D:10     | Found a runed translucent gate.
  8415 | D:10     | Noticed nitefall's ghost (journeyman GrEE)
  8416 | D:10     | Found a runed translucent gate.
  8417 | D:10     | Found a runed translucent gate.
  8417 | D:10     | Identified the +8 plate armour of a Billion Prophets
                  | {Rampage rC+ Regen+}
  8685 | D:10     | Reached *** piety under the Shining One
  8697 | D:10     | Noticed Grum
  8717 | D:10     | Killed Grum
  8734 | D:10     | Found a staircase to the Orcish Mines.
  8863 | D:10     | Acquired the +0 pair of gloves of Cowardice {rF+ rN+ Int+4}
  9109 | D:10     | Killed nitefall's ghost
  9110 | D:10     | Reached skill level 10 in Fighting
  9113 | D:10     | Reached skill level 14 in Maces & Flails
  9166 | D:10     | Identified the +2 cloak of Suagat {rC+}
  9198 | D:11     | Noticed a boulder beetle
  9217 | D:11     | Killed a boulder beetle
  9310 | D:11     | Identified the +10 arbalest of Nuff {antimagic, rPois Dex+3
                  | SInv}
  9359 | D:11     | Noticed a two-headed ogre
  9363 | D:11     | Killed a two-headed ogre
  9460 | D:11     | Noticed Erolcha
  9469 | D:11     | Killed Erolcha
  9551 | D:11     | Found a staircase to the Lair.
  9685 | D:11     | Found Zeuvath's Magic Scroll Boutique.
  9688 | D:11     | Bought a scroll of fear for 44 gold pieces
  9688 | D:11     | Bought a scroll of revelation for 82 gold pieces
  9688 | D:11     | Bought a scroll of identify for 22 gold pieces
  9691 | D:11     | Bought a scroll of identify for 22 gold pieces
  9691 | D:11     | Bought a scroll of identify for 22 gold pieces
  9922 | Lair:1   | Entered Level 1 of the Lair of Beasts
  9926 | Lair:1   | Noticed a catoblepas
  9938 | Lair:1   | Killed a catoblepas
  9939 | Lair:1   | Reached skill level 15 in Maces & Flails
  9999 | Lair:1   | Noticed Fannar
 10013 | Lair:1   | Killed Fannar
 10045 | Lair:1   | Reached XP level 12. HP: 109/110 MP: 12/12
 10065 | Lair:1   | Identified the +4 war axe of the Spider Nest {holy, Str+3
                  | Dex+5}
 10118 | Lair:1   | Reached skill level 10 in Armour
 10118 | Lair:1   | Reached skill level 1 in Evocations
 10146 | Lair:1   | Reached skill level 1 in Axes
 10297 | Lair:1   | Reached **** piety under the Shining One
 10641 | Lair:2   | Reached skill level 1 in Stealth
 10773 | Lair:2   | Reached skill level 5 in Axes
 11092 | Lair:2   | Found a staircase to the Swamp.
 11137 | Lair:2   | Identified the +1 helmet of the Harp {Will+}
 11342 | Lair:3   | Found a dark tunnel.
 11395 | Volcano  | Entered a volcano
 11408 | Volcano  | Noticed a two-headed ogre
 11414 | Volcano  | Killed a two-headed ogre
 11475 | Volcano  | Noticed a two-headed ogre
 11478 | Volcano  | Noticed a two-headed ogre
 11502 | Volcano  | Killed a two-headed ogre
 11506 | Volcano  | Killed a two-headed ogre
 11755 | Lair:3   | Found a hole to the Spider Nest.
 11771 | Lair:3   | Reached XP level 13. HP: 113/119 MP: 13/13
 12795 | Lair:4   | Reached skill level 10 in Axes
 12878 | Lair:4   | Found a staircase to the Slime Pits.
 12881 | Lair:4   | Found a viscous altar of Jiyva.
 13138 | Lair:5   | Entered Level 5 of the Lair of Beasts
 13182 | Lair:5   | Reached ***** piety under the Shining One
 13350 | Lair:5   | Noticed a dire elephant
 13350 | Lair:5   | Noticed a dire elephant
 13467 | Lair:5   | Noticed Snorg
 13482 | Lair:5   | Killed Snorg
 14006 | Lair:5   | Reached XP level 14. HP: 129/129 MP: 16/16
 14512 | Orc:1    | Entered Level 1 of the Orcish Mines
 14531 | Orc:2    | Entered Level 2 of the Orcish Mines
 14531 | Orc:2    | Found a staircase to the Elven Halls.
 14565 | Orc:1    | Paralysed by an orc sorcerer for 2 turns
 14585 | Orc:1    | Found Peofop's Book Emporium.
 14860 | Orc:2    | Found Kowocradu's General Store.
 14874 | Orc:2    | Reached skill level 5 in Invocations
 14879 | Orc:2    | Bought a potion of haste for 140 gold pieces
 14935 | Orc:2    | Paralysed by an orc sorcerer for 2 turns
 15044 | Orc:2    | Found Zytta's Assorted Antiques.
 15054 | Orc:2    | Bought a potion of might for 132 gold pieces
 15054 | Orc:2    | Bought a scroll labelled ICAOMI BOTALYG for 33 gold pieces
 15054 | Orc:2    | Bought a scroll of identify for 66 gold pieces
 15054 | Orc:2    | Bought a potion of heal wounds for 165 gold pieces
 15114 | Orc:2    | Noticed an orc warlord
 15136 | Orc:2    | Killed an orc warlord
 15138 | Orc:2    | Reached ****** piety under the Shining One
 15156 | Orc:2    | Paralysed by an orc sorcerer for 3 turns
 15168 | Orc:2    | Paralysed by an orc sorcerer for 2 turns
 15191 | Orc:2    | Found Coigay's Jewellery Shoppe.
 15215 | Orc:2    | Bought the ring "Nygok" {rPois Will+ Str+2} for 484 gold
                  | pieces
 15220 | Orc:2    | Bought the ring "Xiuntenn" {rF+ rC- Will+++ Str+6 Int+5}
                  | for 978 gold pieces
 15273 | Orc:2    | Found Tyirch's Antique Weapon Emporium.
 15292 | Orc:2    | Reached skill level 5 in Evocations
 15409 | Orc:2    | Found Zits's Antique Armour Shop.
 15417 | Orc:2    | Bought a bloodstained cloak for 380 gold pieces
 15417 | Orc:2    | Identified the +2 cloak "Wausholo" {Dex+4} (You bought it
                  | in a shop on level 2 of the Orcish Mines)
 16027 | D:12     | Found Pemusust's Pet Rocks.
 16125 | D:12     | Acquired 829 gold pieces
 16457 | D:12     | Found Quvyim's Antique Weapon Emporium.
 16571 | D:13     | Found a gate leading to a gauntlet.
 16583 | D:13     | Noticed P0WERM0DE's ghost (journeyman HOCK)
 16596 | D:13     | Found a transporter.
 16600 | D:13     | Found a transporter.
 16660 | D:13     | Found a gate to the Vaults.
 16660 | D:13     | Noticed an ironbound preserver
 16714 | Gauntlet | Entered a Gauntlet
 16714 | Gauntlet | Found a transporter.
 16714 | Gauntlet | Found a transporter.
 16727 | Gauntlet | Found a transporter.
 16744 | Gauntlet | Found a transporter.
 16744 | Gauntlet | Found a transporter.
 16746 | Gauntlet | Found a transporter.
 16746 | Gauntlet | Found a transporter.
 16747 | Gauntlet | Found a transporter.
 16759 | Gauntlet | Found a transporter.
 16774 | Gauntlet | Found a transporter.
 16784 | Gauntlet | Found a transporter.
 16801 | Gauntlet | Found a transporter.
 16819 | Gauntlet | Found a transporter.
 16819 | Gauntlet | Found the +10 morningstar "Eos" {elec, Halo rElec}
 16831 | Gauntlet | Found a transporter.
 16884 | Gauntlet | Reached XP level 15. HP: 127/138 MP: 18/18
 16911 | Gauntlet | Reached skill level 15 in Axes
 17517 | D:13     | Killed P0WERM0DE's ghost
 17518 | D:13     | Reached skill level 16 in Maces & Flails
 17614 | D:14     | Found an iron altar of Okawaru.
 17685 | D:14     | Reached skill level 10 in Shields
 17698 | D:14     | Found Uqydaq's Elemental Accessories.
 17795 | D:14     | Noticed Frances
 17808 | D:14     | Killed Frances
 18076 | D:14     | Noticed Louise
 18095 | D:14     | Killed Louise
 18257 | D:14     | Reached skill level 15 in Fighting
 18364 | D:15     | Entered Level 15 of the Dungeon
 18422 | D:15     | Noticed Azrael
 18432 | D:15     | Killed Azrael
 18496 | D:15     | Found a staircase to the Depths.
 19090 | D:15     | Reached XP level 16. HP: 144/150 MP: 20/20
 19683 | Swamp:1  | Entered Level 1 of the Swamp
 19692 | Swamp:1  | Noticed a thorn hunter
 19704 | Swamp:1  | Killed a thorn hunter
 19789 | Swamp:1  | Noticed a thorn hunter
 19810 | Swamp:1  | Killed a thorn hunter
 20649 | Swamp:2  | Reached skill level 17 in Maces & Flails
 20941 | Swamp:3  | HP: 2/151 [goliath frog (30)]
 20941 | Swamp:3  | Splashed by a goliath frog's acid

Illustrated notes

Levels and vault maps discovered:
D:1:      mrwooster_arrival_statue, layout_basic, shapermc_ecumenical_altar_gd,
          serial_bayou_crossing
D:2:      layout_loops_ring, serial_undead, serial_undead_c, serial_undead_b,
          serial_undead_a, serial_undead_c, reono_crystal_passage,
          nicolae_underground_beach, uniq_sigmund, uniq_jessica
D:3:      layout_rooms
D:4:      layout_basic, temple_pool_b, serial_shops,
          nicolae_shop_tiny_statue_garden, nicolae_shop_overcharged_wands,
          uniq_eustachio, uniq_ijyb
D:5:      layout_basic, nicolae_tso_besieged_by_evil, dreamdust_gnoll_farm
D:6:      layout_cave_pools, mainiacjoe_overflow_brackets, wad_rectangle_vault,
          uniq_edmund, uniq_prince_ribbit1
D:7:      layout_rooms, enter_bailey_4, serial_library,
          serial_library_hellmonk_long_bookcase,
          serial_library_hellmonk_open_square,
          serial_library_regret_index_small_wings,
          serial_library_hellmonk_hallway_a,
          serial_library_hellmonk_filled_rooms,
          serial_library_hellmonk_open_cross, serial_library_hellmonk_junction,
          serial_library_hellmonk_secret_room, kennysheep_generic_room_15
D:8:      layout_rooms, nemelex_diamond_rough_becter,
          hangedman_abyss_or_decor_stabs, uniq_maggie
D:9:      minmay_polygon_palace, layout_loops_ring, hangedman_decor_riveting,
          minmay_shop_damaged, dk_noncrumbling_4, minmay_shop_mass,
          dreamdust_mushroom_princess, hex_medium
D:10:     layout_loops_ring, hiddenorc2_lemuel, biasface_ghost_orc_armoury,
          grunt_ministairs_9, glass_columns_c, uniq_grum
D:11:     layout_basic, david_lair_shrubbed, serial_shops,
          nicolae_shop_rolled_up, minmay_misc_feat_hallway, uniq_erolcha
D:12:     layout_irregular_city, serial_shops, nicolae_shop_trees,
          guppyfry_shop_earth
D:13:     layout_roguey, skrybe_vaults_entry_preservation,
          gammafunk_ghost_arena, gauntlet_entry_generic
D:14:     layout_long_grid, nicolae_elemental_shop, minivault_15,
          hellmonk_okawaru_the_only_friend_you_need, uniq_frances, uniq_louise
D:15:     gammafunk_depths_entry_grave, layout_basic,
          minmay_misc_feat_more_columns, uniq_azrael
Temple:   nicolae_temple_bog_church
Lair:1:   layout_chaotic_city, chequers_serial_rivers_micro_a, uniq_fannar
Lair:2:   layout_loops_ring, mainiacjoe_swamp_entry_lozenge_pond, st_stairs_12,
          grunt_megastairs_1
Lair:3:   layout_regular_city, dummy_spider_entry,
          nicolae_volcano_entry_two_sided, beast_lair_carwin_3
Lair:4:   layout_long_grid, slime_entry_1
Lair:5:   due_jungle_book, layout_misc_corridors, chequers_serial_rivers_marsh,
          chequers_serial_rivers_marsh, infiniplex_staircase_pool, uniq_snorg
Swamp:1:  layout_basic_swamp, evilmike_swamp_ruin_house_3
Swamp:2:  layout_basic_swamp, evilmike_swamp_ruin_wall
Swamp:3:  nicolae_swamp_ascending_descending_big, layout_basic_swamp,
          hangedman_swamp_ruin_wall, swamp_pool_1_2
Orc:1:    layout_caves, serial_shops, shop
Orc:2:    grunt_orc_gardens, layout_diamond_mine, grunt_orc_garden,
          grunt_orc_garden, grunt_orc_garden, grunt_orc_garden, serial_shops,
          shop

Skill      XL: |  1  2  3  4  5  6  7  8  9 10 11 12 13 14 15 16 |
---------------+-------------------------------------------------+-----
Fighting       | 4 5 6 7 9 11 12 13 14 15 16 | 16.1
Maces & Flails | 4 5 6 8 9 11 13 15 16 17 | 17.0
Throwing       | 1 2 3 4 5 6 7 8 |  8.3
Armour         | 4 5 6 7 8 9 11 12 13 | 13.1
Shields        | 4 5 6 8 9 10 11 | 11.3
Dodging        | 1 2 3 |  3.0
Invocations    | 1 2 4 6 7 8 |  8.3
Evocations     | 1 3 5 6 7 |  7.3
Axes           | 8 12 14 15 | 15.2
Stealth        | 1 |  1.4
Unarmed Combat | |  0.2

Action                     |  1- 3 |  4- 6 |  7- 9 | 10-12 | 13-15 | 16-18 || total
---------------------------+-------+-------+-------+-------+-------+-------++-------
  Melee: Flail             |    61 |    74 |       |       |       |       ||   135
         Headbutt          |     4 |    18 |    60 |   151 |   240 |    29 ||   502
         Mace              |       |    41 |   287 |   438 |    37 |       ||   803
         Unarmed           |       |       |       |     6 |       |       ||     6
         War axe           |       |       |       |   118 |   505 |     7 ||   630
         Morningstar       |       |       |       |       |   264 |   101 ||   365
  Throw: Boomerang         |     4 |    11 |    31 |    33 |    77 |    96 ||   252
         Dart              |       |       |     5 |    17 |     3 |       ||    25
         Javelin           |       |       |       |       |     3 |       ||     3
 Invoke: Divine Shield     |       |       |     2 |     3 |     5 |     2 ||    12
         Cleansing Flame   |       |       |       |       |     1 |       ||     1
  Evoke: Wand              |       |       |     6 |     3 |     3 |     8 ||    20
    Use: Scroll            |       |     2 |    10 |    13 |    15 |       ||    40
         Potion            |       |     1 |     5 |     2 |     1 |     1 ||    10
 Armour: Chain mail        |    39 |   113 |   196 |       |       |       ||   348
         Scale mail        |     5 |       |       |       |       |       ||     5
         Crystal plate arm |       |       |    69 |   217 |       |       ||   286
         Skin              |       |       |       |     3 |       |       ||     3
         Plate armour      |       |       |       |   198 |   564 |   112 ||   874
  Dodge: Dodged            |    18 |    56 |   119 |   119 |   186 |    32 ||   530
  Block: Buckler           |    14 |    35 |    72 |   102 |       |       ||   223
         Other             |       |       |       |     2 |       |       ||     2
         Kite shield       |       |       |       |    62 |   369 |    79 ||   510
         Tower shield      |       |       |       |       |    91 |       ||    91
